 Dungeon Crawl Stone Soup version 0.30.1-4-g462c640d31 (webtiles) character file.

Game seed: 15546332053056432455

17381 pkoi the Severer (level 12, -1/110 HPs)
             Began as a Minotaur Fighter on Sept 7, 2023.
             Was a Priest of the Shining One.
             Succumbed to poison (dark miasma)
             ... in a Gauntlet on Sept 12, 2023.
             The game lasted 00:16:04 (11658 turns).

pkoi the Severer (Minotaur Fighter)                Turns: 11658, Time: 00:16:05

Health: -1/110     AC: 19    Str: 24    XL:     12   Next: 18%
Magic:  15/15      EV: 24    Int:  5    God:    the Shining One [***...]
Gold:   557        SH:  6    Dex: 12    Spells: 11/11 levels left

rFire   + . .        h - +1 war axe (venom)
rCold   . . .        c - +0 buckler
rNeg    + . .        A - +7 ring mail of Proximity {rElec rF+}
rPois   .            (helmet restricted)
rElec   +            s - +2 cloak
rCorr   .            (no gloves)
SInv    .            b - +0 pair of boots
Will    .....        (no amulet)
Stlth   +            D - +5 ring of evasion
HPRegen 0.00/turn    F - +5 ring of evasion
MPRegen 0.14/turn

%: no teleportation
@: lethally poisoned (-1 -> -26), inhibited regen, slowed, glowing, studying
Shields, very slow
A: horns 2, retaliatory headbutt, sense surroundings 1, inhibited regeneration
a: Renounce Religion, Divine Shield, Cleansing Flame


You were in a Gauntlet.
You worshipped the Shining One.
The Shining One was most pleased with you.
You visited 3 branches of the dungeon, and saw 14 of its levels.
You also visited: Gauntlet.

You collected 887 gold pieces.
You spent 330 gold pieces at shops.

Inventory:

Hand Weapons
 a - a +1 flail
 h - a +1 war axe of venom (weapon)
 q - a +2 battleaxe of freezing
 N - the +4 sling "Astulol" {heavy, rC++ Stlth+}
   (You found it on level 2 of the Lair of Beasts)

   rC:        It greatly protects you from cold.
   Stlth:     It makes you more stealthy.
Missiles
 E - 4 throwing nets
Armour
 b - a +0 pair of boots (worn)
 c - a +0 buckler (worn)
 s - a +2 cloak (worn)
 A - the +7 ring mail of Proximity (worn) {rElec rF+}
   (You bought it in a shop on level 3 of the Dungeon)

   rF:        It protects you from fire.
   rElec:     It insulates you from electricity.
Jewellery
 t - a ring of see invisible
 w - a ring of magical power
 D - a +5 ring of evasion (left hand)
 F - a +5 ring of evasion (right hand)
 G - a +6 ring of dexterity
 M - a ring of resist corrosion
Wands
 x - a wand of flame (9)
 I - a wand of paralysis (7)
 J - a wand of digging (3)
Scrolls
 g - 4 scrolls of enchant weapon
 l - 2 scrolls of identify
 m - 2 scrolls of amnesia
 r - 5 scrolls of teleportation
 v - a scroll of enchant armour
 y - 2 scrolls of butterflies
 C - a scroll of fog
 K - 2 scrolls of fear
Potions
 d - 4 potions of might
 e - 2 potions of flight
 f - 3 potions of mutation
 i - 4 potions of heal wounds
 j - 4 potions of curing
 k - 5 potions of lignification
 n - a potion of haste
 o - 2 potions of berserk rage
 p - a potion of brilliance
 z - 2 potions of ambrosia
 B - a potion of magic


   Skills:
 + Level 11.0 Fighting
 + Level 17.7(17.8) Axes
 - Level 3.6(12.1) Maces & Flails
 + Level 11.1 Armour
 + Level 8.3 Dodging
 - Level 9.0 Shields
 + Level 6.1 Invocations


You had 11 spell levels left.
You didn't know any spells.
Your spell library contained the following spells:

 Spells                   Type           Power      Damage    Failure   Level
 Apportation              Tloc           0%         N/A       65%         1
 Magic Dart               Conj           0%         1d3       65%         1
 Necrotise                Necr           0%         1d4       65%         1
 Summon Small Mammal      Summ           0%         N/A       65%         1
 Searing Ray              Conj           0%         2d4       78%         2
 Ignite Poison            Fire/Tmut/Pois 0%         N/A       95%         3
 Fulminant Prism          Conj/Hex       0%         3d5       100%        4
 Sticky Flame             Conj/Fire      0%         2d3       100%        4
 Summon Forest            Summ/Tloc      0%         N/A       100%        5
 Eringya's Noxious Bog    Tmut/Pois      0%         N/A       100%        6
 Summon Hydra             Summ           0%         N/A       100%        7
 Ignition                 Fire           0%         3d3       100%        8


Dungeon Overview and Level Annotations

Branches:
Dungeon (10/15)            Temple (1/1) D:7            Lair (3/5) D:9
  Swamp (0/4) Lair:2       Spider (0/4) Lair:3      Gauntlet (1/1)
    Orc: D:9-12

Altars:
Ashenzari
Cheibriados
Dithmenos
Elyvilon
Fedhas
Gozag
Hepliaklqana
Kikubaaqudgha
Makhleb
Nemelex Xobeh
Okawaru
Qazlal
Ru
Sif Muna
Trog
Uskayaw
Vehumet
Wu Jian
Xom
Yredelemnul
Zin
The Shining One

Shops:
D:2 (   D:3 [   D:6 [   D:8 =*[?

Annotations:
D:3 Eustachio
Lair:1 exclusion: oklob plant Gauntlet 13 transporters


Innate Abilities, Weirdness & Mutations

You have a pair of horns on your head.
You reflexively headbutt those who attack you in melee.
You passively map a small area around you.
You do not regenerate when monsters are visible.


Message History

Unknown command.
You slice the death drake!!
You headbutt the death drake, but do no damage.
The death drake is almost dead.
You hit the spectral centaur warrior but do no damage.
You feel extremely sick.
The spectral centaur warrior misses you.
You furiously retaliate!
You headbutt the spectral centaur warrior, but do no damage.
The spectral centaur warrior barely misses you.
The death drake breathes miasma at you. The foul vapour engulfs you.
You are lethally poisoned!
You feel as though you will be slow longer.
Unknown command.
You slice the death drake!!
You kill the death drake!
You slash the spectral centaur warrior!
You destroy the spectral centaur warrior!
The Shining One accepts your kill.
You feel better.
You are engulfed in dark miasma.
You are more poisoned.
You feel extremely sick.
Your Fighting skill increases to level 11!
Unknown command.
You slash the centaur warrior zombie!
The centaur warrior zombie is lightly damaged.
You are engulfed in dark miasma.
You are more poisoned.
You feel as though you will be slow longer.
* * * LOW HITPOINT WARNING * * *
You feel extremely sick. The centaur warrior zombie misses you.
You furiously retaliate!
You headbutt the centaur warrior zombie.
The centaur warrior zombie completely misses you.
The centaur warrior zombie misses you. x2
You feel better.
You are engulfed in dark miasma.
You are lethally poisoned!
* * * LOW HITPOINT WARNING * * *
You die...

#.#..............#8#
#.#..............####
#.#############....≈###
.©...........©#.....#8#
###################.###
...Y99#.#.≈...≈≈..#.#
#.#.#9#.#.≈..≈..≈.#.###
.#.#.9#.#.≈≈.≈≈.≈©#.#8#
#.#.#.#.#..≈...≈@≈#.###
.©.#..#.#≈≈.≈.≈Z.≈#.#
#.#.#.#.#.≈.≈≈≈.≈.#.###
.#.#..#.#..≈...≈≈.#.#8#
#.#.#.#.#.≈.≈...≈.#.###
.©)"..#.#?≈."©.≈.$#.#
#######.###########.###
....................#8#
...................≈###


You could see a centaur warrior zombie.

Vanquished Creatures
  Harold (D:8)
  A catoblepas (Lair:2)
  A ghost crab (Lair:2)
  A boulder beetle (Lair:2)
  Nergalle (Lair:1)
  A fire crab (Gauntlet)
  A death drake (Gauntlet)
  Pikel (D:4)
  An oklob plant (Gauntlet)
  An ugly thing (D:10)
  4 black mambas
  A spectral centaur (Gauntlet)
  3 cane toads
  Maggie (D:6)
  5 komodo dragons
  4 blink frogs (Lair:2)
  Grinder (D:5)
  A meliai zombie (Gauntlet)
  3 slime creatures (D:8)
  2 fire bats (Gauntlet)
  4 yaks (D:6)
  4 basilisks
  A spectral komodo dragon (Lair:2)
  2 wyverns
  A spectral cane toad (Lair:2)
  Edmund (D:5)
  5 water moccasins
  3 acid dragons
  3 sky beasts
  A spectral torpor snail (Lair:2)
  An ice beast (D:5)
  A spectral blink frog (Lair:2)
  An orc warrior (D:9)
  2 black bears
  3 ogres
  A lemure (D:4)
  A centaur (D:6)
  Blork the orc (D:5)
  A kobold brigand (D:9)
  A spectral basilisk (Lair:2)
  4 scorpions
  9 bullfrogs
  10 wights
  5 electric eels (D:7)
  4 howler monkeys
  2 jellies
  A gnoll bouda (D:8)
  A hound (D:5)
  4 orc priests
  Crazy Yiuf (D:5)
  A sleepcap (D:7)
  2 iguanas
  4 orc wizards
  4 gnolls (D:8)
  13 adders
  2 white imps (D:5)
  An ufetubus (D:5)
  A worm (D:3)
  3 dart slugs
  28 orcs
  5 endoplasms
  2 giant cockroaches
  4 goblins
  3 hobgoblins
  3 quokkas
  8 ball pythons
  5 bats (D:1)
  2 frilled lizards (D:1)
  9 kobolds
  6 rats
220 creatures vanquished.

Vanquished Creatures (others)
  A human (D:3)
1 creature vanquished.

Grand Total: 221 creatures vanquished

Notes
Turn   | Place    | Note
-------+----------+-------------------------------------------
     0 | D:1      | pkoi the Minotaur Fighter began the quest for the Orb.
     0 | D:1      | Reached XP level 1. HP: 19/19 MP: 0/0
     3 | D:1      | Found a faded altar of an unknown god.
   157 | D:1      | Reached XP level 2. HP: 27/27 MP: 1/1
   399 | D:1      | Reached XP level 3. HP: 33/33 MP: 2/2
   988 | D:2      | Found Jokhiamos's Weapon Shoppe.
  1099 | D:3      | Found Koevaget's Antique Armour Shoppe.
  1235 | D:3      | Reached XP level 4. HP: 41/41 MP: 3/3
  1463 | D:3      | Found an ancient bone altar of Kikubaaqudgha.
  1466 | D:3      | Noticed a human
  1469 | D:3      | Killed a human
  1901 | D:4      | Identified a scroll of acquirement
  1901 | D:4      | Acquired a manual of Axes
  1972 | D:4      | Noticed Eustachio
  2066 | D:4      | Noticed an ogre
  2073 | D:4      | Killed an ogre
  2074 | D:4      | Reached skill level 5 in Fighting
  2074 | D:4      | Reached skill level 2 in Axes
  2074 | D:4      | Reached XP level 5. HP: 14/48 MP: 4/4
  2302 | D:4      | Identified the +4 dagger of Arphiul {drain, Str+3 Int+3
                  | Dex+3}
  2374 | D:4      | Reached skill level 5 in Armour
  2754 | D:5      | Entered Level 5 of the Dungeon
  2762 | D:5      | Reached skill level 3 in Axes
  2851 | D:5      | Noticed an ogre
  2858 | D:5      | Killed an ogre
  2859 | D:5      | Reached skill level 4 in Axes
  2859 | D:5      | Reached XP level 6. HP: 41/56 MP: 5/5
  3201 | D:5      | Found a sparkling altar of Nemelex Xobeh.
  3201 | D:5      | Noticed Pikel
  3214 | D:4      | Killed Pikel
  3215 | D:4      | Reached skill level 9 in Axes
  3215 | D:4      | Reached XP level 7. HP: 44/63 MP: 6/6
  3433 | D:5      | Reached skill level 10 in Axes
  3457 | D:5      | Reached skill level 11 in Axes
  3457 | D:5      | Reached XP level 8. HP: 69/70 MP: 7/7
  3475 | D:5      | Noticed Edmund
  3488 | D:5      | Killed Edmund
  3489 | D:5      | Reached skill level 12 in Axes
  3636 | D:5      | Found a white marble altar of Elyvilon.
  3656 | D:5      | Noticed Blork the orc
  3665 | D:5      | Killed Blork the orc
  3670 | D:5      | Noticed Grinder
  3685 | D:5      | Killed Grinder
  3686 | D:5      | Reached skill level 13 in Axes
  3982 | D:5      | Found a runed translucent door.
  3983 | D:5      | Noticed Crazy Yiuf
  4067 | D:5      | Killed Crazy Yiuf
  4198 | D:6      | Reached skill level 1 in Dodging
  4204 | D:6      | Reached skill level 14 in Axes
  4389 | D:6      | Reached XP level 9. HP: 73/78 MP: 8/8
  4551 | D:6      | Found Busamien's Antique Armour Shop.
  4703 | D:6      | Reached skill level 15 in Axes
  4879 | D:6      | Reached skill level 5 in Shields
  4951 | D:6      | Noticed Maggie
  4963 | D:6      | Killed Maggie
  5380 | D:3      | Bought a masterwork ring mail for 270 gold pieces
  5380 | D:3      | Identified the +7 ring mail of Proximity {rElec rF+} (You
                  | bought it in a shop on level 3 of the Dungeon)
  5977 | D:7      | Found a staircase to the Ecumenical Temple.
  6002 | Temple   | Entered the Ecumenical Temple
  6043 | Temple   | Became a worshipper of the Shining One
  6706 | D:8      | Reached skill level 1 in Invocations
  6706 | D:8      | Reached XP level 10. HP: 67/88 MP: 9/9
  6766 | D:8      | Found Foqotaac's Assorted Antiques.
  6780 | D:8      | Reached skill level 5 in Dodging
  6829 | D:8      | Identified the +0 robe "Nigrapn" {rPois rF- rN+++ Will-}
  6867 | D:8      | Found Tag Uxit's Antique Armour Shoppe.
  6968 | D:8      | Found Ranydghi's Jewellery Boutique.
  7139 | D:8      | Found Ohulok's Magic Scroll Boutique.
  7147 | D:8      | Bought a scroll of vulnerability for 60 gold pieces
  7299 | D:9      | Noticed Harold
  7412 | D:8      | Killed Harold
  7413 | D:8      | Reached skill level 16 in Axes
  7534 | D:9      | Found a shimmering altar of Xom.
  7536 | D:9      | Found a bloodstained altar of Trog.
  7538 | D:9      | Found a snail-covered altar of Cheibriados.
  7538 | D:9      | Found a hide-covered altar of Uskayaw.
  7540 | D:9      | Found a stormy altar of Qazlal.
  7541 | D:9      | Found an iron altar of Okawaru.
  7926 | D:9      | Reached * piety under the Shining One
  8036 | D:9      | Found a staircase to the Lair.
  8173 | D:10     | Entered Level 10 of the Dungeon
  8173 | D:10     | Noticed a purple ugly thing
  8180 | D:10     | Killed a purple ugly thing
  8336 | Lair:1   | Entered Level 1 of the Lair of Beasts
  8345 | Lair:1   | Noticed Nergalle
  8355 | Lair:1   | Killed Nergalle
  8386 | Lair:1   | Reached XP level 11. HP: 85/97 MP: 12/12
  8608 | Lair:1   | Noticed an oklob plant
  9077 | Lair:1   | Found a hazy altar of Hepliaklqana.
  9510 | Lair:2   | Reached ** piety under the Shining One
  9527 | Lair:2   | Reached skill level 17 in Axes
  9528 | Lair:2   | Noticed a boulder beetle
  9537 | Lair:2   | Killed a boulder beetle
  9692 | Lair:2   | Reached skill level 10 in Armour
  9870 | Lair:2   | Reached skill level 10 in Fighting
  9912 | Lair:2   | Identified the +4 sling "Astulol" {heavy, rC++ Stlth+}
  9969 | Lair:2   | Noticed a ghost crab
  9970 | Lair:2   | Found a staircase to the Swamp.
  9982 | Lair:2   | Killed a ghost crab
  9983 | Lair:2   | Reached skill level 5 in Invocations
 10184 | Lair:2   | Noticed a catoblepas
 10219 | Lair:2   | Killed a catoblepas
 10494 | Lair:3   | Gained mutation: You do not regenerate when monsters are
                  | visible. [potion of mutation]
 10494 | Lair:3   | Gained mutation: You passively map a small area around you.
                  | [potion of mutation]
 10783 | Lair:3   | Found a hole to the Spider Nest.
 10818 | Lair:3   | Found a gate leading to a gauntlet.
 10830 | Gauntlet | Entered a Gauntlet
 10830 | Gauntlet | Found a transporter.
 10856 | Gauntlet | Found a transporter.
 10865 | Gauntlet | Noticed a fire crab
 10871 | Gauntlet | Found a transporter.
 10875 | Gauntlet | Noticed a catoblepas
 10876 | Gauntlet | Found a transporter.
 10878 | Gauntlet | Noticed a death drake
 10891 | Gauntlet | Found a transporter.
 10910 | Gauntlet | Found a transporter.
 10922 | Gauntlet | Found a transporter.
 10931 | Gauntlet | Noticed a cacodemon
 10934 | Gauntlet | Found a transporter.
 10942 | Gauntlet | Reached *** piety under the Shining One
 10944 | Gauntlet | Noticed a wizard
 10944 | Gauntlet | Noticed a wizard
 10946 | Gauntlet | Found a transporter.
 10958 | Gauntlet | Found a transporter.
 10975 | Gauntlet | Found a transporter.
 10993 | Gauntlet | Found a transporter.
 10995 | Gauntlet | Found a transporter.
 11022 | Gauntlet | Found a transporter.
 11042 | Gauntlet | Found a transporter.
 11120 | Gauntlet | Found a transporter.
 11140 | Gauntlet | Found a transporter.
 11251 | Gauntlet | Noticed an oklob plant
 11251 | Gauntlet | Found a transporter.
 11274 | Gauntlet | Killed an oklob plant
 11275 | Gauntlet | Reached XP level 12. HP: 15/108 MP: 15/15
 11658 | Gauntlet | Succumbed to poison (dark miasma)

Illustrated notes

Levels and vault maps discovered:
D:1:      lightli_arrival_maybe_door_vault, layout_basic,
          dreamdust_ecumenical_altar_grove
D:2:      layout_loops_ring, serial_shops, nicolae_shop_window_shopping
D:3:      layout_loops_ring, tgw_kikubaaqudgha, serial_shops,
          nicolae_shop_dealshenge, hangedman_glass_garden
D:4:      layout_cave_pools, uniq_eustachio
D:5:      layout_basic, mainiacjoe_overflow_catch_the_wave, uniq_edmund,
          uniq_pikel, uniq_crazy_yiuf_cottage, uniq_blork_the_orc, uniq_grinder
D:6:      layout_basic, serial_shops, shop, minmay_door_square, uniq_maggie
D:7:      layout_gridville, minmay_temple_entry_waves, grunt_decor_mini_mirrors,
          serial_bayou_lagoon_b
D:8:      layout_rooms, serial_shops, nicolae_shop_waterfront,
          kennysheep_little_box, shop, nicolae_shop_peninsula
D:9:      layout_rooms, grunt_temple_overflow_open, erik_lair_dragon,
          uniq_harold
D:10:     minmay_diamond_stairs, layout_irregular_city
Temple:   nicolae_temple_ecumenical_triangle
Lair:1:   layout_gridlike, lemuel_oklob_altar, uniq_nergalle
Lair:2:   layout_roguey, nicolae_swamp_entry_spooky
Lair:3:   layout_roguey, spider_nest_entry_web_field, gauntlet_entry_generic,
          forest_entry_grove
Gauntlet: gammafunk_gauntlet_one_two_three [gammafunk_gauntlet_arena_chambers,
          nicolae_gauntlet_arena_quarters, nicolae_gauntlet_swirl,
          nicolae_gauntlet_arena_flowing_pool, gammafunk_gauntlet_arena_grid,
          gammafunk_gauntlet_arena_crates, nicolae_gauntlet_arena_t_cross,
          gammafunk_gauntlet_arena_arrow_garden, nicolae_gauntlet_arena_x,
          gauntlet_exit_green]

Skill      XL: |  1  2  3  4  5  6  7  8  9 10 11 12 |
---------------+-------------------------------------+-----
Shields        | 4 6 9 |  9.0
Fighting       | 4 5 6 8 9 10 11 | 11.0
Maces & Flails | 3 |  3.6
Armour         | 4 5 6 8 9 10 11 | 11.1
Axes           | 2 4 9 11 14 15 16 17 | 17.7
Dodging        | 2 4 6 8 |  8.3
Invocations    | 1 3 5 6 |  6.1

Action                     |  1- 3 |  4- 6 |  7- 9 | 10-12 || total
---------------------------+-------+-------+-------+-------++-------
  Melee: Flail             |    92 |    24 |       |       ||   116
         Headbutt          |    11 |     9 |    41 |    94 ||   155
         War axe           |       |    47 |   124 |   286 ||   457
         Battleaxe         |       |       |    57 |       ||    57
   Fire: Sling             |       |     3 |       |       ||     3
    Use: Scroll            |     2 |    11 |     2 |     4 ||    19
         Potion            |       |       |       |    10 ||    10
 Armour: Scale mail        |    45 |    47 |    28 |       ||   120
         Ring mail         |       |       |    11 |    59 ||    70
  Dodge: Dodged            |    52 |    40 |    60 |   166 ||   318
  Block: Buckler           |    20 |    15 |    19 |    49 ||   103
